 Dungeon Crawl Stone Soup version 0.26.0-10-g1f06aea511 (webtiles) character file.

Game seed: 9580951898395879432

2171 septik the Cleaver (level 9, 0/79 HPs)
             Began as a Minotaur Berserker on Jan 25, 2021.
             Was an Elder of Trog.
             Slain by a warg (5 damage)
             ... on level 8 of the Dungeon.
             The game lasted 00:12:32 (6732 turns).

septik the Cleaver (Minotaur Berserker)             Turns: 6732, Time: 00:12:35

Health: 0/79       AC: 12    Str: 30    XL:     9   Next: 11%
Magic:  8/8        EV: 11    Int:  4    God:    Trog [****..]
Gold:   357        SH:  5    Dex: 11    Spells: 8/8 levels left

rFire    . . .     SeeInvis .   E - +2 war axe (flame)
rCold    . . .     Faith    .   (no shield)
rNeg     . . .     Spirit   .   f - +0 chain mail
rPois    .         Reflect  +   (helmet restricted)
rElec    .         Harm     .   (no cloak)
rCorr    .         Rampage  .   x - +1 pair of gloves of Vuynueseto {Will+}
Will     +....                  (no boots)
Stlth    ..........             h - amulet of reflection
HPRegen  0.23/turn              v - +6 ring of strength (curse)
MPRegen  0.11/turn              (no ring)

@: hasted, very quick
A: retaliatory headbutt, horns 2
a: Renounce Religion, Berserk, Trog's Hand, Brothers in Arms


You were on level 8 of the Dungeon.
You worshipped Trog.
Trog was greatly pleased with you.
You visited 1 branch of the dungeon, and saw 8 of its levels.

You collected 357 gold pieces.

Inventory:

Hand Weapons
 a - a +0 hand axe
 E - a +2 war axe of flaming (weapon)
Missiles
 e - 327 stones (quivered)
 o - 6 boomerangs
Armour
 f - a +0 chain mail (worn)
 x - the +1 pair of gloves of Vuynueseto (worn) {Will+}
   (You found it on level 4 of the Dungeon)

   It affects your willpower, your defense against some magical effects.
 y - a +1 pair of gloves
 C - a +0 plate armour
 F - +0 swamp dragon scales
Jewellery
 h - an amulet of reflection (around neck)
 n - an uncursed amulet of guardian spirit
 v - a cursed +6 ring of strength (left hand)
 A - a cursed -4 ring of protection {unknown}
Wands
 r - a wand of flame (17)
 w - a wand of iceblast (13)
 D - a wand of polymorph (9)
 J - a wand of digging (5)
Scrolls
 b - 7 scrolls of identify {unknown}
 j - 2 scrolls of magic mapping {unknown}
 k - a scroll of random uselessness {unknown}
 l - 5 scrolls of remove curse {unknown}
 m - 3 scrolls of teleportation {unknown}
 q - 3 scrolls of immolation {unknown}
 u - a scroll of blinking {unknown}
 B - a scroll of enchant weapon {unknown}
 G - a scroll of noise {unknown}
 I - a scroll of acquirement {unknown}
Potions
 c - 2 potions of haste
 d - 2 potions of magic {unknown}
 g - 3 potions of might {unknown}
 i - a potion of curing {unknown}
 p - 4 potions of degeneration {unknown}
 s - a potion of mutation {unknown}
 t - 2 potions of attraction {unknown}
 z - a potion of ambrosia {unknown}
 H - a potion of cancellation {unknown}


   Skills:
 + Level 7.4 Fighting
 * Level 9.8 Axes
 + Level 6.9 Armour
 + Level 6.2 Dodging


You had 8 spell levels left.
You didn't know any spells.
Your spell library contained the following spells:

 Spells                   Type           Power        Failure   Level
 Animate Skeleton         Necr           0%           94%         1
 Apportation              Tloc           0%           94%         1
 Corona                   Hex            0%           94%         1
 Summon Small Mammal      Summ           0%           94%         1


Dungeon Overview and Level Annotations

Branches:
Dungeon (8/15)             Temple (0/1) D:7            Lair (0/6) D:8

Altars:
Ashenzari
Dithmenos


Innate Abilities, Weirdness & Mutations

You reflexively headbutt those who attack you in melee.
You have a pair of horns on your head.


Message History

The orc priest invokes the aid of Beogh against you.
Beogh smites you!
You closely miss the warg.
The orc warrior hits you from afar with a +0 halberd!
You block the warg's attack.
You slash the warg! You burn the warg. You headbutt the warg!
The warg is heavily wounded.
The warg bites you!
The orc warrior hits you from afar with a +0 halberd!
The warg bites you!
* * * LOW HITPOINT WARNING * * *
You are too injured to fight recklessly!
It was a potion of haste.
You feel yourself speed up.
The orc wizard points at you and mumbles some strange words.
The puff of flame hits you!
* * * LOW HITPOINT WARNING * * *
The orc warrior hits you from afar with a +0 halberd.
* * * LOW HITPOINT WARNING * * *
The warg bites you.
You die...

....... .P.....
....>.. .. .......
..### ......o ....
......o #..###
##...oh####......
......o@.........
...............#
.....#....$###..
.###.#.....# #
#.......###.##.#
..#.#............#
.......<..........
..#........##.###.
.⌠#........# .)


You could see a warg, an orc warrior, an orc priest and 2 orc wizards.

Vanquished Creatures
  Maggie (D:7)
  Grinder (D:4)
  Menkaure (D:4)
  2 ice beasts (D:6)
  2 black bears
  3 phantoms
  2 ogres
  2 bullfrogs (D:6)
  A jelly (D:6)
  An orc priest (D:4)
  A centaur skeleton (D:5)
  3 iguanas
  3 worker ants
  A killer bee zombie (D:6)
  A hound zombie (D:6)
  A hound skeleton (D:4)
  Robin (D:2)
  A howler monkey skeleton (D:6)
  9 gnolls
  13 adders
  3 shadow imps
  A white imp (D:6)
  An ufetubus (D:5)
  2 adder skeletons (D:4)
  A worm (D:5)
  2 dart slugs
  4 leopard geckos
  9 orcs
  7 bats
  5 giant cockroaches
  18 goblins
  13 hobgoblins
  10 jackals
  3 kobolds
  5 quokkas
  A ball python (D:4)
  4 frilled lizards
  5 rats
144 creatures vanquished.

Vanquished Creatures (others)
  A gnoll (D:7)
  A hobgoblin (D:3)
2 creatures vanquished.

Grand Total: 146 creatures vanquished

Notes
Turn   | Place    | Note
-------+----------+-------------------------------------------
     0 | D:1      | septik the Minotaur Berserker began the quest for the Orb.
     0 | D:1      | Reached XP level 1. HP: 19/19 MP: 0/0
   451 | D:1      | Reached XP level 2. HP: 27/27 MP: 1/1
   465 | D:1      | Reached skill level 4 in Axes
   488 | D:1      | You fall into a shaft and drop 1 floor!
   938 | D:2      | Reached XP level 3. HP: 33/33 MP: 2/2
  1487 | D:1      | Reached ** piety under Trog
  1985 | D:2      | Reached XP level 4. HP: 40/40 MP: 3/3
  2008 | D:2      | Noticed Robin
  2021 | D:2      | Killed Robin
  2298 | D:3      | Reached skill level 5 in Axes
  2388 | D:3      | Reached *** piety under Trog
  2406 | D:3      | Reached XP level 5. HP: 44/47 MP: 4/4
  3133 | D:4      | Noticed an ogre
  3140 | D:4      | Killed an ogre
  3258 | D:4      | Noticed Menkaure
  3271 | D:4      | Killed Menkaure
  3272 | D:4      | Reached skill level 5 in Fighting
  3272 | D:4      | Reached skill level 6 in Axes
  3272 | D:4      | Reached XP level 6. HP: 56/56 MP: 5/5
  3487 | D:4      | Found a shadowy altar of Dithmenos.
  3572 | D:4      | Noticed Grinder
  3582 | D:4      | Killed Grinder
  3583 | D:4      | Reached XP level 7. HP: 61/61 MP: 6/6
  3584 | D:4      | Reached skill level 7 in Axes
  3783 | D:4      | Got a pair of crude gloves
  3789 | D:4      | Identified the +1 pair of gloves of Vuynueseto {Will+} (You
                  | found it on level 4 of the Dungeon)
  3967 | D:4      | Reached skill level 5 in Armour
  4345 | D:5      | Entered Level 5 of the Dungeon
  4685 | D:5      | Found a broken altar of Ashenzari.
  4718 | D:5      | Reached **** piety under Trog
  4719 | D:5      | Reached XP level 8. HP: 60/70 MP: 7/7
  4936 | D:5      | Reached skill level 5 in Dodging
  4954 | D:5      | Reached skill level 8 in Axes
  5704 | D:6      | Reached skill level 9 in Axes
  6365 | D:7      | Noticed Maggie
  6376 | D:7      | Killed Maggie
  6377 | D:7      | Reached XP level 9. HP: 79/79 MP: 8/8
  6428 | D:7      | Found a staircase to the Ecumenical Temple.
  6726 | D:8      | Found a staircase to the Lair.
  6732 | D:8      | Slain by a warg

Illustrated notes

Levels and vault maps discovered:
D:1:      amcnicky_arrival_underground_garden, layout_loops_corners,
          minmay_pentomino_z2
D:2:      layout_basic, uniq_robin
D:3:      layout_basic
D:4:      layout_gridville, grunt_dithmenos_shadows, uniq_menkaure, uniq_grinder
D:5:      layout_gridville, lemuel_round_altar
D:6:      layout_basic
D:7:      layout_basic, minmay_temple_entry_ruins, hangedman_decor_peaks_small,
          uniq_maggie
D:8:      layout_basic, marbit_many_paths, gammafunk_temple_overflow_forgotten,
          erik_lair_orcish_takeover, serial_shops, shop,
          gammafunk_ghost_stat_death, minmay_chambers_of_fives

Skill      XL: |  1  2  3  4  5  6  7  8 |
---------------+-------------------------+-----
Axes           | 4 5 6 7 9 |  9.8
Fighting       | 4 5 6 7 |  7.4
Armour         | 3 4 5 6 |  6.9
Dodging        | 3 4 6 |  6.2

Action                   |  1- 3 |  4- 6 |  7- 9 || total
-------------------------+-------+-------+-------++-------
Melee: Hand axe          |    83 |   104 |   203 ||   390
       Headbutt          |    11 |    15 |    44 ||    70
       War axe           |       |       |     9 ||     9
Throw: Stone             |    12 |     6 |       ||    18
Invok: Berserk           |       |     3 |     1 ||     4
  Use: Potion            |       |       |     1 ||     1
Armor: Chain mail        |    39 |    31 |    88 ||   158
Dodge: Dodged            |    31 |    48 |    83 ||   162
Block: Other             |       |     7 |    39 ||    46
       Reflection        |       |     1 |       ||     1
